 Dungeon Crawl Stone Soup version 0.24-a0-232-g49d9ff8 (webtiles) character file.

Game seed: 11620866597307297963

32 technobutter the Poker (level 3, -6/28 HPs)
             Began as a Merfolk Gladiator on Apr 4, 2019.
             Mangled by a gnoll
             ... wielding a +0 halberd
              (9 damage)
             ... on level 2 of the Dungeon.
             The game lasted 00:04:44 (1402 turns).

technobutter the Poker (Merfolk Gladiator)          Turns: 1402, Time: 00:04:45

Health: -6/28      AC:  9    Str: 14    XL:     3   Next: 25%
Magic:  3/3        EV:  8    Int:  7    God:
Gold:   70         SH:  0    Dex: 16    Spells: 2/2 levels left

rFire    . . .     SeeInvis .   a - +0 trident
rCold    . . .     Gourm    .   (no shield)
rNeg     + . .     Faith    .   e - +0 chain mail
rPois    .         Spirit   .   c - +0 helmet
rElec    .         Reflect  .   (no cloak)
rCorr    .         Harm     .   (no gloves)
MR       .....                  (no boots)
Stlth    ..........             (no amulet)
HPRegen  0.09/turn              i - ring of positive energy
MPRegen  0.08/turn              (no ring)

@: no status effects
A: change form in water, swift swim, stealthy swim
a: no special abilities


You were on level 2 of the Dungeon.
You were not hungry.

You visited 1 branch of the dungeon, and saw 2 of its levels.

You collected 70 gold pieces.

Inventory:

Hand Weapons
 a - a +0 trident (weapon)
Missiles
 d - 3 throwing nets (quivered)
Armour
 c - a +0 helmet (worn)
 e - a +0 chain mail (worn)
Jewellery
 i - a ring of positive energy (left hand)
Scrolls
 b - 3 scrolls of identify
Potions
 g - a potion of cancellation {unknown}
 h - a potion of magic {unknown}
Comestibles
 f - a ration


   Skills:
 + Level 2.5 Fighting
 + Level 5.2 Polearms
 + Level 2.2 Throwing
 + Level 0.3 Armour
 + Level 4.4 Dodging


You had 2 spell levels left.
You didn't know any spells.
Your spell library was empty.

Dungeon Overview and Level Annotations

Branches:
Dungeon (2/15)

Altars:


Message History

The jackal bites you. The gnoll hits you but does no damage.
You closely miss the jackal.
The jackal is severely wounded.
The jackal bites you but does no damage. x2
The gnoll hits you from afar with a +0 halberd!
You closely miss the jackal.
The jackal is severely wounded.
The jackal closely misses you.
You hit the jackal.
You kill the jackal!
The gnoll hits you from afar with a +0 halberd.
* * * LOW HITPOINT WARNING * * *
The gnoll closely misses you.
Found 6 gold pieces.
There is an open door, spattered with blood here.
You see here a jackal corpse.
You hit the gnoll.
The gnoll is moderately wounded.
The gnoll hits you with a +0 halberd!
You die...

#######
#.....####
#........#
#...P.P..#
#.###@####
###.#.g.'$#
#####
#...#...###
#...# #.###...+
#.#.####...#####
#.#.#....†##
#.#....##.#
###.###..##.#
.........##.##


You could see a gnoll.

Vanquished Creatures
  A leopard gecko (D:1)
  A giant cockroach (D:1)
  4 goblins
  5 hobgoblins (D:1)
  4 jackals
  2 bats (D:2)
  A frilled lizard (D:2)
  4 kobolds (D:1)
  6 rats (D:1)
28 creatures vanquished.

Notes
Turn   | Place    | Note
-------+----------+-------------------------------------------
     0 | D:1      | technobutter the Merfolk Gladiator began the quest for the
                  | Orb.
     0 | D:1      | Reached XP level 1. HP: 16/16 MP: 1/1
    97 | D:1      | Reached XP level 2. HP: 14/23 MP: 2/2
   471 | D:1      | Reached skill level 5 in Polearms
   796 | D:2      | Reached XP level 3. HP: 22/28 MP: 3/3
  1402 | D:2      | Mangled by a gnoll

Levels and vault maps discovered:
D:1:      roderic_octagonal_star, layout_basic, corexii_item_surrounded_by_moat,
          minmay_misc_feat_more_columns
D:2:      layout_basic, first_ration, cheibrodos_gnoll_hut, uniq_terence

Skill      XL: |  1  2 |
---------------+-------+-----
Polearms       | 5 |  5.2
Fighting       | |  2.5
Throwing       | |  2.2
Armour         | |  0.3
Dodging        | |  4.4

Action                   || total
-------------------------++-------
Melee: Trident           ||   113
  Use: Scroll            ||     4
 Stab: Sleeping          ||     1
  Eat: Ration            ||     1
Armor: Chain mail        ||   116
Dodge: Dodged            ||    73

Table legend:
 A = Non-vault XP
 B = Vault XP
 C = Vault XP percentage of total XP
 D = Non-vault monster count
 E = Vault monster count
 F = Vault count percentage of total count
                 A         B        C        D         E       F
            +---------+---------+-------+---------+---------+-------
      Total |      42 |       4 |   8.7 |      26 |       2 |   7.1
            +---------+---------+-------+---------+---------+-------
        D:1 |      36 |       0 |   0.0 |      22 |       0 |   0.0
        D:2 |       6 |       4 |  40.0 |       4 |       2 |  33.3
            +---------+---------+-------+---------+---------+-------
